 Dungeon Crawl Stone Soup version 0.25-a0-404-gc1b5a34292 (webtiles) character file.

Game seed: 7314677810556650606, levelgen mode: deterministic

308 DeadFury222 the Chopper (level 6, -3/55 HPs)
             Began as a Hill Orc Monk on Jan 10, 2020.
             Slain by Edmund
             ... wielding a +0 dire flail of holy wrath
              (4 damage)
             ... on level 4 of the Dungeon.
             The game lasted 00:08:27 (3205 turns).

DeadFury222 the Chopper (Hill Orc Monk)             Turns: 3205, Time: 00:08:28

Health: -3/55      AC:  9    Str: 16    XL:     6   Next: 40%
Magic:  6/6        EV:  8    Int: 10    God:
Gold:   145        SH:  0    Dex: 13    Spells: 5/5 levels left

rFire    . . .     SeeInvis .   a - +0 hand axe
rCold    . . .     Gourm    .   (no shield)
rNeg     . . .     Faith    .   k - +0 chain mail
rPois    .         Spirit   .   (no helmet)
rElec    .         Reflect  .   (no cloak)
rCorr    .         Harm     .   (no gloves)
MR       .....                  (no boots)
Stlth    ..........             (no amulet)
HPRegen  0.18/turn              (no ring)
MPRegen  0.10/turn              (no ring)

@: no status effects
A: no striking features
a: no special abilities


You were on level 4 of the Dungeon.
You were hungry.

You visited 1 branch of the dungeon, and saw 6 of its levels.

You collected 145 gold pieces.

Inventory:

Hand Weapons
 a - a +0 hand axe (weapon)
Missiles
 d - 99 stones (quivered)
Armour
 k - a +0 chain mail (worn)
 l - a cursed +0 pair of gloves
Jewellery
 f - an uncursed ring of wizardry {unknown}
Scrolls
 b - a scroll of immolation {unknown}
 e - 3 scrolls of identify {unknown}
 g - 3 scrolls of teleportation {unknown}
 j - 2 scrolls of remove curse {unknown}
Potions
 h - 2 potions of haste {unknown}
 i - a potion of flight {unknown}
Comestibles
 c - 9 rations


   Skills:
 + Level 4.8 Fighting
 + Level 6.7 Axes
 * Level 3.9 Armour
 - Level 2.6 Dodging
 - Level 1.5 Stealth


You had 5 spell levels left.
You didn't know any spells.
Your spell library was empty.

Dungeon Overview and Level Annotations

Branches:
Dungeon (6/15)             Temple (0/1) D:5

Altars:
Ashenzari
Dithmenos
Kikubaaqudgha
Okawaru
Qazlal
Wu Jian
Yredelemnul

Annotations:
D:4 Edmund


Message History

Edmund is heavily wounded.
Edmund says, "What use are spells, anyway?"
Edmund hits you with a +0 dire flail of holy wrath.
You hit Edmund but do no damage.
Edmund is heavily wounded.
Edmund hits you but does no damage.
You hit Edmund.
Edmund is heavily wounded.
Edmund hits you with a +0 dire flail of holy wrath!!
* * * LOW HITPOINT WARNING * * *
You hit Edmund.
Edmund is heavily wounded.
Edmund hits you with a +0 dire flail of holy wrath!
* * * LOW HITPOINT WARNING * * *
You slash Edmund!
Edmund is severely wounded.
You hit Edmund.
Edmund is almost dead.
Edmund hits you with a +0 dire flail of holy wrath.
You die...

#..#.....#
#..#.....#....#
.##+#.....#....#
.......รท..#....#
..........#....+ .
#.........#....# ..
#.........#....# ...
+.........#....# ....
#.........#...@# .....
#.........####@#......
#............)........
#.....................
#.....................
#.....................
....#####............
... #######...... ..
......


You could see Edmund.

Vanquished Creatures
  A scorpion (D:4)
  An iguana (D:3)
  2 orc wizards (D:4)
  2 worker ants (D:5)
  8 adders
  A worm (D:2)
  A dart slug (D:2)
  3 leopard geckos
  9 orcs
  A bat (D:1)
  2 giant cockroaches (D:2)
  5 goblins
  A hobgoblin (D:2)
  2 jackals (D:4)
  5 kobolds
  2 quokkas
  A ball python (D:2)
  3 frilled lizards
  6 rats
  A spectral orc (D:2)
57 creatures vanquished.

Notes
Turn   | Place    | Note
-------+----------+-------------------------------------------
     0 | D:1      | DeadFury222 the Hill Orc Monk began the quest for the Orb.
     0 | D:1      | Reached XP level 1. HP: 19/19 MP: 1/1
   226 | D:1      | Reached XP level 2. HP: 27/27 MP: 2/2
   709 | D:2      | Reached XP level 3. HP: 17/33 MP: 3/3
   848 | D:2      | Found a shattered altar of Ashenzari.
   848 | D:2      | Found an iron altar of Okawaru.
   848 | D:2      | Found a stormy altar of Qazlal.
   889 | D:2      | Reached skill level 1 in Armour
   934 | D:2      | Found a shadowy altar of Dithmenos.
   951 | D:2      | Reached skill level 5 in Axes
  1072 | D:2      | Reached XP level 4. HP: 38/40 MP: 4/4
  1083 | D:2      | Found a basalt altar of Yredelemnul.
  1620 | D:3      | Reached XP level 5. HP: 21/47 MP: 5/5
  1812 | D:3      | Found an ornate altar of the Wu Jian Council.
  1944 | D:3      | Found an ancient bone altar of Kikubaaqudgha.
  2074 | D:3      | You fall into a shaft and drop 3 floors!
  2178 | D:6      | Noticed a sky beast
  2190 | D:5      | Entered Level 5 of the Dungeon
  2285 | D:5      | Found a staircase to the Ecumenical Temple.
  2317 | D:5      | Reached skill level 6 in Axes
  2708 | D:4      | Reached XP level 6. HP: 20/53 MP: 6/6
  3182 | D:4      | Noticed Edmund
  3203 | D:4      | HP: 1/55 [Edmund/+0 dire flail of holy wrath (14)]
  3205 | D:4      | Slain by Edmund

Levels and vault maps discovered:
D:1:      dpeg_arrival_houses_and_road, layout_basic
D:2:      layout_loops_ring, gammafunk_temple_overflow_claw,
          yredelemnul_forgotten_temple_becter, first_ration,
          nicolae_dithmenos_shadow_blocks
D:3:      layout_loops_ring, old_standard_altar, old_standard_altar
D:4:      layout_gridville, old_standard_altar,
          gammafunk_temple_overflow_elements, serial_shops,
          nicolae_shop_behind_doors, shop, shop_statue, kennysheep_little_box,
          uniq_duvessa, uniq_edmund
D:5:      layout_basic, temple_fountains
D:6:      layout_basic, nicolae_overflow_crystal_walls

Skill      XL: |  1  2  3  4  5 |
---------------+----------------+-----
Fighting       | 4 |  4.8
Armour         | 1 2 3 |  3.9
Axes           | 5 6 |  6.7
Dodging        | |  2.6
Stealth        | |  1.5

Action                   |  1- 3 |  4- 6 || total
-------------------------+-------+-------++-------
Melee: Hand axe          |    77 |   212 ||   289
 Stab: Sleeping          |     1 |       ||     1
  Eat: Chunk             |     1 |     6 ||     7
Armor: Robe              |     5 |       ||     5
       Scale mail        |    15 |    24 ||    39
       Chain mail        |       |    83 ||    83
Dodge: Dodged            |    42 |    71 ||   113

Table legend:
 A = Non-vault XP
 B = Vault XP
 C = Vault XP percentage of total XP
 D = Non-vault monster count
 E = Vault monster count
 F = Vault count percentage of total count
                 A         B        C        D         E       F
            +---------+---------+-------+---------+---------+-------
      Total |     439 |       1 |   0.2 |      56 |       1 |   1.8
            +---------+---------+-------+---------+---------+-------
        D:1 |      18 |       0 |   0.0 |      13 |       0 |   0.0
        D:2 |     103 |       1 |   1.0 |      17 |       1 |   5.6
        D:3 |      86 |       0 |   0.0 |      12 |       0 |   0.0
        D:4 |     156 |       0 |   0.0 |       9 |       0 |   0.0
        D:5 |      76 |       0 |   0.0 |       5 |       0 |   0.0
            +---------+---------+-------+---------+---------+-------
